Map: Inside and Out

Players

yongcho - Winner!

  • Race: Protoss Protoss
  • League: Diamond
  • Spawn Location: 7:00

Revelation

  • Race: Terran Terran
  • League: Diamond
  • Spawn Location: 1:00

VOD

Have the link to the VOD?

Description

Time

  • Played on: Oct. 10, 2022, 6:12 a.m.
  • Length: 15:39
Show
View Real Time Build Order
Export as new Build Order

yongcho Protoss - Winner!

Build Orders: 1 Gate Expand, Oracle Opening 

Get SALT Encoding   

  12  0:01  Probe  
  13  0:13  Probe  
  14  0:18  Pylon  
  14  0:25  Probe  
  15  0:37  Gateway  
  15  0:43  Probe (Chrono Boost)  
  15  0:44  Assimilator  
  16  0:54  Probe (Chrono Boost)  
  17  0:59  Probe (Chrono Boost)  
  18  1:09  Probe  
  19  1:21  Probe  
  20  1:27  Cybernetics Core  
  20  1:40  Nexus  
  20  1:44  Pylon  
  20  1:48  Assimilator  
  20  1:53  Probe  
  21  2:04  Adept (Chrono Boost)  
  21  2:05  Probe  
  24  2:17  Probe  
  25  2:26  Stargate  
  25  2:27  Adept (Chrono Boost)  
  25  2:29  Probe  
  28  2:36  Warp Gate (Chrono Boost)  
  28  2:41  Probe  
  29  2:53  Probe  
  29  2:56  Probe  
  31  3:00  Stalker  
  31  3:05  Probe  
  34  3:16  Oracle (Chrono Boost)  
  34  3:18  Shield Battery  
  37  3:20  Gateway  
  37  3:27  Gateway  
  37  3:44  Probe  
  37  3:45  Pylon, Probe  
  39  3:51  Oracle  
  39  3:53  Stalker  
  44  4:00  Gateway  
  44  4:04  Shield Battery  
  44  4:20  Probe  
  45  4:27  Pylon  
  45  4:29  Twilight Council  
  45  4:33  Stalker  
  45  4:37  Probe  
  48  4:41  Stalker, Assimilator  
  50  4:54  Probe x2  
  52  5:03  Robotics Facility  
  52  5:06  Probe x2  
  54  5:18  Probe  
  55  5:27  Gateway  
  55  5:28  Blink (Chrono Boost)  
  55  5:30  Forge  
  55  5:32  Gateway, Probe  
  55  5:33  Probe  
  57  5:48  Probe x2  
  59  5:56  Robotics Bay  
  59  6:07  Pylon  
  59  6:09  Pylon, Nexus  
  59  6:11  Protoss Ground Weapons Level 1  
  59  6:18  Assimilator  
  59  6:19  Pylon  
  59  6:25  Immortal (Chrono Boost)  
  59  6:28  Sentry  
  59  6:29  Stalker  
  67  6:33  Pylon  
  67  6:38  Probe x2  
  69  6:50  Probe  
  69  6:53  Photon Cannon  
  70  6:56  Shield Battery  
  70  6:58  Colossus (Chrono Boost), Probe  
  71  7:05  Probe  
  78  7:15  Pylon  
  75  7:18  Stalker x3, Shield Battery  
  81  7:26  Charge (Chrono Boost)  
  81  7:32  Pylon  
  81  7:40  Robotics Facility  
  81  7:41  Colossus (Chrono Boost), Probe  
  82  7:48  Probe  
  82  7:50  Probe  
  90  7:54  Pylon, Probe  
  91  8:02  Stalker x3  
  97  8:14  Pylon  
  93  8:25  Zealot x6  
  101  8:28  Disruptor  
  101  8:32  Extended Thermal Lance  
  98  8:48  Stalker x3  
  98  8:49  Stalker  
  95  9:00  Zealot x2  
  99  9:04  Gateway  
  99  9:05  Gateway  
  99  9:15  Probe x3  
  102  9:19  Shield Battery  
  102  9:31  Stalker x2  
  102  9:32  Stalker x3  
  102  9:33  Stalker  
  102  9:36  Probe x2  
  70  10:03  Probe x3  
  70  10:15  Probe (Chrono Boost)  
  70  10:19  Probe x2 (Chrono Boost)  
  70  10:21  Disruptor  
  73  10:25  Colossus  
  73  10:26  Probe (Chrono Boost)  
  85  10:29  Probe x2 (Chrono Boost)  
  85  10:30  Probe (Chrono Boost)  
  85  10:33  Protoss Ground Weapons Level 2 (Chrono Boost)  
  85  10:35  Nexus  
  86  10:39  Probe (Chrono Boost)  
  83  10:46  Pylon  
  83  10:47  Probe (Chrono Boost)  
  83  10:48  Probe (Chrono Boost)  
  83  10:51  Probe (Chrono Boost)  
  86  10:58  Observer, Probe (Chrono Boost)  
  86  10:59  Probe (Chrono Boost)  
  86  11:00  Shield Battery  
  86  11:02  Pylon  
  87  11:11  Forge  
  87  11:14  Robotics Facility  
  87  11:16  Probe x2  
  87  11:17  Pylon  
  89  11:19  Photon Cannon, Immortal  
  89  11:20  Sentry x2  
  89  11:21  Zealot x2  
  89  11:22  Zealot  
  103  11:35  Probe  
  103  11:38  Shield Battery  
  104  11:43  Assimilator  
  104  11:46  Pylon  
  104  11:48  Assimilator  
  104  11:52  Protoss Ground Armor Level 1 (Chrono Boost)  
  104  11:54  Probe x3  
  106  11:59  Pylon, Probe  
  108  12:06  Colossus, Probe x2  
  116  12:09  Immortal  
  116  12:10  Immortal  
  124  12:21  Zealot x6  
  136  12:23  Probe  
  136  12:24  Probe  
  138  12:39  Stalker  
  138  12:42  Stalker x5  
  138  12:43  Stalker  
  152  12:48  Warp Prism  
  148  13:00  Zealot  
  141  13:12  Zealot  
  141  13:13  Zealot x3  
  141  13:14  Zealot x3  
  132  13:32  Pylon, Immortal  
  132  13:33  Immortal x2  
  144  13:36  Zealot x5  
  150  13:46  Pylon  
  150  13:48  Zealot x3  
  148  13:57  Zealot x2  
  148  13:59  Stalker x2  
  148  14:00  Stalker  
  127  14:24  Probe x2  
  127  14:29  Immortal  
  127  14:30  Immortal  
  137  14:34  Zealot x3  
  143  14:42  Zealot x3  
  143  14:44  Probe x4  
  153  14:55  Pylon  
  153  14:56  Probe  
  153  14:58  Pylon  
  150  15:18  Stalker x2  
  150  15:19  Stalker x6  
Show
View Real Time Build Order
Export as new Build Order

Revelation Terran 

Build Orders:  

Get SALT Encoding   

  12  0:00  SCV  
  13  0:12  SCV  
  14  0:17  Supply Depot  
  14  0:24  SCV  
  15  0:38  SCV  
  15  0:40  Barracks  
  16  0:43  Refinery  
  16  0:51  SCV  
  17  1:03  SCV  
  18  1:15  SCV  
  19  1:27  Marine, Orbital Command  
  20  1:42  Command Center  
  20  1:56  SCV  
  20  1:58  Barracks Reactor  
  20  1:59  Supply Depot  
  20  2:00  Barracks x2  
  21  2:05  Refinery  
  21  2:09  SCV  
  22  2:16  Bunker  
  22  2:21  SCV  
  23  2:33  SCV  
  24  2:43  Marine, Reaper  
  26  2:46  SCV  
  26  2:49  Barracks Tech Lab x2  
  27  3:03  Command Center  
  27  3:10  Supply Depot  
  27  3:15  Stimpack  
  27  3:34  Combat Shield  
  27  3:37  Marine x3  
  27  3:38  Marine  
  31  3:48  Factory  
  31  3:56  SCV  
  31  3:57  Marauder  
  31  4:00  Marine  
  35  4:16  Orbital Command  
  35  4:19  Marine, Marauder  
  37  4:28  Marine x2  
  37  4:30  SCV  
  40  4:34  Supply Depot  
  40  4:44  Starport  
  40  4:54  Orbital Command  
  40  4:55  Marine x3  
  40  4:56  Factory Tech Lab  
  43  5:07  Marauder  
  43  5:13  Engineering Bay, SCV  
  46  5:14  Marine  
  47  5:24  SCV  
  47  5:25  SCV  
  49  5:33  Cyclone  
  52  5:36  Starport Reactor, SCV  
  52  5:50  Marine x3  
  52  5:54  SCV x2  
  52  5:56  Terran Infantry Armor Level 1  
  57  5:59  Engineering Bay  
  57  6:05  Supply Depot  
  57  6:06  SCV  
  58  6:13  Siege Tank  
  61  6:22  SCV  
  61  6:25  Terran Infantry Weapons Level 1  
  62  6:26  Marine, Viking, Medivac, SCV  
  62  6:31  Marine x2, Supply Depot  
  70  6:35  Supply Depot  
  70  6:43  Refinery  
  70  6:47  Supply Depot  
  70  6:53  Marine x3, Siege Tank, SCV x2  
  78  6:57  Marauder  
  80  7:05  Medivac, SCV  
  83  7:11  Command Center  
  83  7:16  Marine x3  
  83  7:20  Refinery  
  86  7:24  Concussive Shells  
  86  7:26  Marauder  
  88  7:30  SCV x2  
  88  7:32  Hellion  
  92  7:41  Barracks  
  92  7:42  Barracks  
  92  7:44  Armory  
  92  7:50  Supply Depot  
  92  7:51  Supply Depot  
  92  7:57  SCV x2  
  94  8:11  Marine, Siege Tank, Medivac, SCV x2  
  102  8:13  Marine  
  103  8:28  Medivac  
  105  8:37  Marine  
  105  8:38  Marine x2, Marauder  
  110  8:42  Barracks Tech Lab, Barracks Reactor  
  110  8:43  Siege Tank  
  101  8:56  Marine x2, Marauder  
  101  9:00  Marauder  
  107  9:14  Marine  
  108  9:17  Marauder  
  108  9:23  SCV x2  
  106  9:24  Orbital Command  
  105  9:31  Marine  
  105  9:32  Marine x3, Marauder  
  105  9:33  Siege Tank, Marauder  
  105  9:34  Medivac x2  
  105  9:35  SCV  
  121  9:39  Marauder, Ghost Academy, Terran Infantry Weapons Level 2  
  118  9:49  Marine  
  99  10:10  SCV x3  
  102  10:16  Enhanced Shockwaves  
  102  10:17  Marine x2, Barracks  
  102  10:18  Marauder, Barracks  
  102  10:20  Barracks  
  106  10:22  SCV x2  
  106  10:24  SCV  
  109  10:34  SCV x2  
  111  10:36  SCV  
  111  10:38  Marine x4  
  124  10:54  Supply Depot, Terran Infantry Armor Level 2  
  124  10:56  Supply Depot  
  118  10:57  Supply Depot  
  118  10:58  Marine x2, Supply Depot  
  118  10:59  Marine  
  118  11:03  Viking  
  118  11:04  Supply Depot  
  123  11:07  Viking  
  123  11:10  Barracks Tech Lab, Barracks Reactor  
  123  11:11  Barracks Reactor  
  123  11:12  Ghost  
  123  11:15  Ghost  
  123  11:16  SCV x2  
  129  11:19  SCV  
  129  11:23  Supply Depot x2  
  130  11:25  Refinery  
  130  11:28  SCV  
  130  11:29  Supply Depot  
  130  11:32  SCV x2  
  133  11:33  Marine x2  
  133  11:34  Marauder  
  133  11:38  Viking  
  139  11:40  SCV  
  139  11:42  Viking  
  139  11:45  Siege Tank  
  145  11:47  Marine x2  
  147  12:01  Missile Turret  
  147  12:03  Missile Turret x2  
  147  12:04  Missile Turret  
  147  12:05  Missile Turret x2  
  147  12:15  Marine, Ghost, Marauder  
  150  12:16  Marine x2, Marauder  
  150  12:17  Marine  
  156  12:42  Marine x3  
  101  13:26  Marine x4  
  101  13:27  Marine x2, Marauder x4  
  94  13:31  Marine x2  
  97  13:44  Marine x5  
  97  13:45  Marine  
  107  13:48  Marauder x2  
  83  14:10  Orbital Command  
  66  14:25  SCV x2  
  68  14:32  Marine, Marauder x4  
  68  14:37  SCV x2  
  79  14:49  SCV  
  79  14:51  SCV  
  79  14:52  SCV  
  82  14:54  Marine x3  
  85  15:01  SCV  
  85  15:04  SCV x2  
Tags
 
Add a new tag
Caveats
  • Supply blocks, unpowered buildings, or Contaminate may cause inaccurate times.
  • Supply counts are checked every 10 seconds.